Map: Blackpink LE

Players

Gemini

  • Race: Protoss Protoss
  • League: Grandmaster
  • Spawn Location: 7:00

A.I. 1 (Very Easy) - Winner!

  • Race: Zerg Zerg
  • Spawn Location: 1:00

VOD

Have the link to the VOD?

Description

Time

  • Played on: April 10, 2018, 10:29 p.m.
  • Length: 8:02
Show
View Real Time Build Order
Export as new Build Order

Gemini Protoss 

Build Orders: 1 Gate Expand, Oracle Opening, Phoenix Opening 

Get SALT Encoding   

  12  0:00  Probe  
  13  0:13  Probe  
  14  0:18  Pylon  
  14  0:25  Probe (Chrono Boost)  
  15  0:37  Probe (Chrono Boost)  
  15  0:40  Gateway  
  16  0:45  Probe (Chrono Boost)  
  16  0:48  Assimilator  
  17  0:51  Probe  
  18  1:03  Probe  
  19  1:15  Probe  
  20  1:27  Nexus  
  20  1:36  Cybernetics Core  
  20  1:39  Probe  
  21  1:47  Assimilator  
  21  1:51  Probe  
  22  1:55  Pylon  
  22  2:03  Probe  
  23  2:11  Adept (Chrono Boost)  
  23  2:15  Probe  
  26  2:22  Stargate  
  26  2:27  Probe  
  27  2:30  Warp Gate  
  27  2:35  Adept  
  29  2:39  Probe (Chrono Boost)  
  29  2:40  Probe (Chrono Boost)  
  31  2:49  Probe x2 (Chrono Boost)  
  33  2:54  Probe (Chrono Boost)  
  35  3:03  Stalker  
  37  3:05  Probe  
  37  3:07  Probe  
  37  3:08  Oracle (Chrono Boost)  
  41  3:17  Pylon, Probe  
  41  3:19  Probe  
  43  3:30  Probe  
  43  3:31  Probe  
  45  3:39  Phoenix  
  47  3:42  Probe  
  47  3:43  Probe  
  47  3:44  Gateway  
  47  3:46  Gateway  
  49  3:53  Twilight Council  
  49  3:54  Probe  
  50  3:58  Pylon, Probe  
  51  4:06  Probe  
  51  4:07  Assimilator  
  51  4:09  Assimilator  
  52  4:10  Probe  
  53  4:18  Probe  
  53  4:21  Pylon x2  
  53  4:23  Probe  
  55  4:35  Probe  
  55  4:36  Resonating Glaives (Chrono Boost)  
  56  4:40  Adept x3  
  62  4:47  Nexus  
  62  4:50  Pylon  
  62  5:03  Robotics Facility  
  62  5:06  Robotics Facility  
  62  5:09  Adept  
  62  5:11  Adept  
  62  5:14  Adept  
  68  5:33  Pylon  
  68  5:37  Probe x2  
  68  5:42  Shield Battery  
  70  5:43  Sentry x2  
  70  5:44  Sentry  
  76  5:50  Immortal x2 (Chrono Boost)  
  84  6:01  Gateway x2  
  84  6:02  Gateway  
  84  6:14  Probe x2  
  84  6:15  Probe  
  87  6:22  Immortal  
  95  6:25  Immortal  
  95  6:26  Probe x2  
  95  6:31  Probe  
  98  6:38  Probe (Chrono Boost)  
  98  6:39  Assimilator  
  100  6:41  Probe (Chrono Boost)  
  100  6:42  Assimilator  
  101  6:49  Probe (Chrono Boost)  
  101  6:50  Probe (Chrono Boost)  
  103  6:54  Templar Archives  
  103  6:55  Probe (Chrono Boost)  
  103  6:57  Forge  
  103  6:59  Probe (Chrono Boost)  
  103  7:00  Pylon  
  104  7:01  Probe  
  106  7:08  Probe  
  106  7:09  Gateway  
  106  7:10  Gateway  
  106  7:11  Probe  
  107  7:16  Immortal (Chrono Boost)  
  107  7:22  Pylon, Probe x2  
  113  7:23  Probe  
  114  7:34  Probe x2  
  116  7:42  High Templar  
  116  7:43  Pylon, High Templar x2  
  122  7:45  Pylon, High Templar  
Show
View Real Time Build Order
Export as new Build Order

A.I. 1 (Very Easy) Zerg - Winner!

Build Orders: Hatch First 

Get SALT Encoding   

  12  0:00  Drone  
  13  0:12  Overlord  
  13  0:17  Drone  
  14  0:44  Hatchery  
  14  0:46  Drone  
  14  1:05  Spawning Pool  
  14  1:08  Extractor, Drone  
  13  1:15  Drone  
  14  1:21  Overlord  
  14  1:52  Zergling x2  
  14  1:53  Queen  
  17  1:55  Zergling x2  
  17  2:00  Roach Warren  
  17  2:07  Drone  
  18  2:10  Extractor  
  18  2:14  Drone  
  18  2:18  Zergling x2  
  19  2:23  Drone  
  20  2:30  Drone  
  21  2:38  Drone  
  22  2:45  Drone  
  23  2:52  Drone  
  24  2:59  Drone  
  24  3:01  Lair  
  25  3:29  Drone  
  26  3:36  Drone  
  27  3:43  Overlord, Drone  
  28  3:51  Drone  
  29  3:58  Drone  
  29  4:02  Spire  
  29  4:05  Drone  
  29  4:06  Overseer  
  30  4:12  Overseer, Drone  
  29  4:20  Drone  
  30  4:27  Drone  
  31  4:34  Extractor, Drone  
  31  4:41  Drone  
  32  4:48  Drone  
  32  4:49  Overlord  
  33  4:55  Drone  
  34  5:02  Drone  
  35  5:10  Drone  
  35  5:11  Extractor  
  35  5:15  Mutalisk  
  35  5:17  Drone  
  38  5:24  Drone  
  39  5:31  Drone  
  40  5:38  Drone  
  41  5:46  Drone  
  42  5:53  Drone  
  42  5:54  Overlord  
  42  5:56  Mutalisk  
  45  6:00  Drone  
  46  6:07  Drone  
  46  6:10  Queen  
  45  6:14  Drone  
  32  6:22  Drone  
  32  6:25  Zergling x2  
  34  6:29  Drone  
  35  6:36  Drone  
  36  6:43  Drone  
  37  6:50  Drone  
  40  6:54  Roach  
  40  6:58  Drone  
  41  7:05  Drone  
  42  7:12  Drone  
  43  7:19  Drone  
  43  7:22  Mutalisk  
  46  7:26  Drone  
  47  7:34  Drone  
  48  7:41  Drone  
  49  7:48  Drone  
Tags
 
Add a new tag
Caveats
  • Supply blocks, unpowered buildings, or Contaminate may cause inaccurate times.
  • Supply counts are checked every 10 seconds.